 Dungeon Crawl Stone Soup version 0.28.0-53-g5a82cb258f (webtiles) character file.

Game seed: 10055838746987321313

24 Zeld the Skirmisher (level 3, 24/24 HPs)
             Began as a Gargoyle Berserker on May 27, 2022.
             Was a Follower of Trog.
             Quit the game on level 1 of the Dungeon.
             The game lasted 00:00:58 (975 turns).

Zeld the Skirmisher (Gargoyle Berserker)             Turns: 975, Time: 00:00:59

Health: 24/24      AC:  5    Str: 20    XL:     3   Next: 2%
Magic:  3/3        EV: 12    Int:  9    God:    Trog [*.....]
Gold:   0          SH:  0    Dex:  9    Spells: 2/2 levels left

rFire   . . .      SeeInvis .   a - +0 mace
rCold   . . .      Faith    .   (no shield)
rNeg    + . .      Spirit   .   b - +0 animal skin
rPois   ∞          Reflect  .   (no helmet)
rElec   +          Harm     .   (no cloak)
rCorr   .          Rampage  .   (no gloves)
Will    .....                   (no boots)
Stlth   +.........              (no amulet)
HPRegen 0.08/turn               (no ring)
MPRegen 0.08/turn               (no ring)

@: no status effects
A: sickness immunity, AC +3, negative energy resistance 1, electricity
resistance, torment resistance 1, petrification resistance
a: Renounce Religion, Berserk


You were on level 1 of the Dungeon.
You worshipped Trog.
Trog was aware of your devotion.
You visited 1 branch of the dungeon, and saw 2 of its levels.

Inventory:

Hand Weapons
 a - a +0 mace (weapon)
Armour
 b - a +0 animal skin (worn)
Scrolls
 c - a scroll of fear {unknown}
 g - a scroll of identify {unknown}
 h - a scroll of noise {unknown}
Potions
 d - a potion of curing {unknown}
 e - a potion of invisibility {unknown}
 f - a potion of heal wounds {unknown}


   Skills:
 * Level 3.7 Fighting
 * Level 3.3 Maces & Flails
 + Level 2.5 Armour
 + Level 1.7 Dodging


You had 2 spell levels left.
You didn't know any spells.
Your spell library was empty.

Dungeon Overview and Level Annotations

Branches:
Dungeon (2/15)

Altars:


Innate Abilities, Weirdness & Mutations

You are immune to sickness and miasma.
Your stone body is resilient. (AC +3)
You are immune to poison.
You resist negative energy. (rN+)
You are resistant to electric shocks. (rElec)
You are resistant to unholy torment.
You are immune to petrification.


Message History

The bat hits you but does no damage.
A bat is nearby!
The bat hits you.
A bat is nearby!
You sock the bat!
You kill the bat!
Trog accepts your kill.
HP restored.
You enter the shallow water.
Moving in this stuff is going to be slow.
Things that are here:
a +0 short sword; a kobold corpse No target in view!
A bat comes into view.
The bat hits you but does no damage. The bat barely misses you.
You barely miss the bat. The bat closely misses you.
A bat is nearby!
An endoplasm comes into view.
The bat barely misses you.
There are monsters nearby!
There are monsters nearby!
The bat barely misses you.
The endoplasm quivers.
The bat hits you but does no damage.
The endoplasm hits you but does no damage.
The bat misses you.
You sock the endoplasm!
You kill the endoplasm!
Trog accepts your kill. The bat barely misses you.
The bat hits you but does no damage.
A bat is nearby!
You thump the bat!
You kill the bat!
Trog accepts your kill.
You have reached level 3!
Your experience leads to an increase in your attributes!
Increase (S)trength, (I)ntelligence, or (D)exterity?
You feel clever. x2
Are you sure you want to abandon this character and quit the game? (Confirm with "yes".)

.........###....#.......
#........(.........###..
#...................†# #.#
###.......#....##.##.#
.....###................####
r..K..................######
.....b.#....##.###..........
.....########......#.##..#..
.... #@..#.####.###.... ###
#....##..# #.# ###.#
#.#####.## #.## #.# # #.#
#(.# #.# ..# ##.# #.# #.##
#.####.. .. #...##.. .##
####....# #.....#.#


There were no monsters in sight!

Vanquished Creatures
  A dart slug (D:1)
  4 ball pythons (D:1)
  2 endoplasms (D:1)
  2 goblins (D:1)
  2 hobgoblins (D:1)
  4 bats (D:1)
  4 kobolds (D:1)
  2 rats (D:1)
21 creatures vanquished.

Notes
Turn   | Place    | Note
-------+----------+-------------------------------------------
     0 | D:1      | Zeld the Gargoyle Berserker began the quest for the Orb.
     0 | D:1      | Reached XP level 1. HP: 14/14 MP: 1/1
   117 | D:1      | Reached XP level 2. HP: 13/19 MP: 2/2
   283 | D:1      | Found a faded altar of an unknown god.
   715 | D:1      | You fall into a shaft and drop 1 floor!
   975 | D:1      | Reached XP level 3. HP: 24/24 MP: 3/3
   975 | D:1      | Quit the game

Illustrated notes

Levels and vault maps discovered:
D:1:      eino_arrival_water_star, layout_rooms,
          shapermc_ecumenical_altar_mp_highgroup
D:2:      layout_loops_ring, st_stairs_3

Action                   || total
-------------------------++-------
Melee: Mace              ||    48
Armor: Animal skin       ||    39
Dodge: Dodged            ||    49
